 Dungeon Crawl Stone Soup version 0.31-a0-543-geaa9c7a2c0 (webtiles) character file.

Game seed: 14325439749493833797

12430 AdnanSaban the Basher (level 11, -6/69 HPs)
             Began as a Gargoyle Fighter on Aug 15, 2023.
             Was an Elder of Okawaru.
             Killed from afar by a gargoyle (17 damage)
             ... with a stone arrow
             ... on level 13 of the Dungeon.
             The game lasted 00:15:25 (10713 turns).

AdnanSaban the Basher (Gargoyle Fighter)           Turns: 10713, Time: 00:15:26

Health: -6/69      AC: 26    Str: 24    XL:     11   Next: 93%
Magic:  12/12      EV:  8    Int:  9    God:    Okawaru [****..]
Gold:   540        SH:  6    Dex: 15    Spells: 10/10 levels left

rFire   . . .        P - -2 demon whip (venom)
rCold   . . .        c - +0 buckler
rNeg    + . .        J - +0 plate armour
rPois   ∞            (no helmet)
rElec   +            u - +0 cloak
rCorr   +            t - +0 pair of gloves
SInv    .            o - +0 pair of boots
Will    .....        K - amulet of regeneration Stlth
                     i - ring of resist corrosion
HPRegen 1.11/turn    p - +6 ring of dexterity
MPRegen 0.13/turn

%: no passive effects
@: no status effects
A: sickness immunity, AC +8, negative energy resistance 1, electricity
resistance, torment resistance 1, petrification resistance
a: Renounce Religion, Heroism, Finesse


You were on level 13 of the Dungeon.
You worshipped Okawaru.
Okawaru was greatly pleased with you.
You visited 2 branches of the dungeon, and saw 14 of its levels.

You collected 540 gold pieces.

Inventory:

Hand Weapons
 v - a +0 morningstar
 P - a -2 demon whip of venom (weapon)
Missiles
 a - a throwing net
 f - 5 curare-tipped darts
 l - 11 boomerangs
 L - 11 poisoned darts (quivered)
 Q - 8 javelins
Armour
 c - a +0 buckler (worn)
 o - a +0 pair of boots (worn)
 t - a +0 pair of gloves (worn)
 u - a +0 cloak (worn)
 J - a +0 plate armour (worn)
Jewellery
 i - a ring of resist corrosion (left hand)
 p - a +6 ring of dexterity (right hand)
 K - an amulet of regeneration (around neck)
 M - a ring of ice
 O - a ring of positive energy
Wands
 s - a wand of mindburst (11)
 N - a wand of digging (7)
Scrolls
 b - 2 scrolls of silence {unknown}
 g - a scroll of vulnerability {unknown}
 h - 11 scrolls of identify {unknown}
 j - a scroll of torment {unknown}
 k - 3 scrolls of enchant armour {unknown}
 q - a scroll of poison {unknown}
 x - a scroll of noise {unknown}
 y - 4 scrolls of revelation {unknown}
 z - 3 scrolls of fog {unknown}
 C - 3 scrolls of fear {unknown}
 E - 4 scrolls of amnesia {unknown}
 F - a scroll of blinking {unknown}
 G - 3 scrolls of teleportation {unknown}
 H - 2 scrolls of immolation {unknown}
Potions
 d - 3 potions of might
 e - 2 potions of brilliance {unknown}
 m - 2 potions of enlightenment {unknown}
 n - a potion of invisibility {unknown}
 r - 3 potions of heal wounds {unknown}
 w - a potion of mutation {unknown}
 A - a potion of degeneration {unknown}
 B - 3 potions of curing {unknown}
 D - 2 potions of magic {unknown}
 I - a potion of haste {unknown}
 R - a potion of ambrosia {unknown}


   Skills:
 + Level 8.5 Fighting
 + Level 12.1 Maces & Flails
 + Level 3.5 Throwing
 + Level 10.0 Armour
 + Level 2.7 Dodging
 + Level 1.6 Stealth
 + Level 8.3 Shields
 * Level 2.3 Invocations


You had 10 spell levels left.
You didn't know any spells.
Your spell library contained the following spells:

 Spells                   Type           Power      Damage    Failure   Level
 Magic Dart               Conj           0%         1d3       99%         1
 Slow                     Hex            0%         N/A       99%         1
 Poisonous Vapours        Pois/Air       0%         N/A       100%        2
 Searing Ray              Conj           0%         2d4       100%        2
 Static Discharge         Conj/Air       0%         2-2/arc   100%        2
 Hailstorm                Conj/Ice       0%         3d3       100%        3
 Mephitic Cloud           Conj/Pois/Air  0%         N/A       100%        3
 Ozocubu's Armour         Ice            0%         N/A       100%        3
 Vhi's Electric Charge    Tloc/Air       0%         N/A       100%        3
 Volatile Blastmotes      Fire/Tloc      0%         2d10      100%        3
 Airstrike                Air            0%         2d(0-16)  100%        4
 Fulminant Prism          Conj/Hex       0%         3d5       100%        4
 Iskenderun's Mystic Bla  Conj/Tloc      0%         2d3       100%        4
 Arcjolt                  Conj/Air       0%         1d10      100%        5
 Freezing Cloud           Conj/Ice/Air   0%         6-21      100%        5
 Metabolic Englaciation   Hex/Ice        0%         N/A       100%        5
 Orb of Destruction       Conj           0%         9d5       100%        7
 Maxwell's Capacitive Co  Air            0%         ∞         100%        8
 Summon Guardian Golem    Hex/Summ       Unusable   N/A       N/A         3
 Summon Ice Beast         Ice/Summ       Unusable   N/A       N/A         4
 Summon Lightning Spire   Summ/Air       Unusable   N/A       N/A         4
 Simulacrum               Ice/Necr       Unusable   N/A       N/A         6
 Spellforged Servitor     Conj/Summ      Unusable   N/A       N/A         7

Dungeon Overview and Level Annotations

Branches:
Dungeon (14/15)            Temple (1/1) D:6            Lair (0/5) D:10
    Orc (0/2) D:9
 Vaults: D:13-14

Altars:
Ashenzari
Cheibriados
Dithmenos
Elyvilon
Fedhas
Gozag
Hepliaklqana
Kikubaaqudgha
Makhleb
Nemelex Xobeh
Okawaru
Qazlal
Ru
Sif Muna
Trog
Uskayaw
Vehumet
Wu Jian
Xom
Yredelemnul
Zin
The Shining One

Shops:
D:1 !   D:4 [   D:8 [   D:11 [*

Annotations:
D:4 2 runed translucent doors
D:8 2 transporters, Gastronok; ouz's ghost, novice OpSh
D:10 3 runed translucent doors, Kiciri's ghost, journeyman TeMo; niknal's ghost, novice TrWr; qipq's ghost, amateur FeDe; wazuzuz's ghost, novice HOFi


Innate Abilities, Weirdness & Mutations

You are immune to sickness and miasma.
Your stone body is resilient. (AC +8)
You are immune to poison.
You resist negative energy. (rN+)
You are resistant to electric shocks. (rElec)
You are resistant to unholy torment.
You are immune to petrification.


Message History

You are too injured to fight recklessly!
You are too injured to fight recklessly!
You are too injured to fight recklessly!
You are too injured to fight recklessly!
You are too injured to fight recklessly!
You are too injured to fight recklessly!
You are too injured to fight recklessly!
You are too injured to fight recklessly!
You are too injured to fight recklessly!
You hit the gargoyle.
The gargoyle is heavily damaged.
You barely miss the gargoyle.
The gargoyle is heavily damaged.
The gargoyle hurls a stone arrow at you.
You block the stone arrow.
You barely miss the gargoyle.
The gargoyle is heavily damaged.
You whack the gargoyle!
The gargoyle is almost destroyed.
The gargoyle barely misses you.
You hit the gargoyle but do no damage.
The gargoyle is almost destroyed.
You barely miss the gargoyle.
The gargoyle is almost destroyed.
The gargoyle hurls a stone arrow at you.
The stone arrow hits you!!
* * * LOW HITPOINT WARNING * * *
You hit the gargoyle but do no damage.
The gargoyle is almost destroyed.
You hit the gargoyle but do no damage.
The gargoyle is almost destroyed.
The gargoyle hurls a stone arrow at you.
You block the stone arrow.
You barely miss the gargoyle.
The gargoyle is almost destroyed.
You hit the gargoyle but do no damage.
The gargoyle is almost destroyed.
The gargoyle hurls a stone arrow at you.
The stone arrow hits you!
You die...

#.# #.# .
#.#####.. .
#........ ..
+........
#..#####........
#........9......
#.......@.......
#.[.......######
#.........#
###########


You could see a gargoyle.

Vanquished Creatures
  A two-headed ogre (D:8)
  Sonja (D:10)
  Amaemon (D:10)
  Pikel (D:4)
  A manticore (D:11)
  2 cyclopes
  Maurice (D:8)
  An orange demon (D:10)
  An unseen horror (D:11)
  A komodo dragon (D:9)
  3 trolls
  2 hornets
  Prince Ribbit (D:7)
  A shadow (D:9)
  A wraith (D:10)
  Eustachio (D:4)
  11 yaks
  A vampire (D:11)
  A wyvern (D:10)
  2 humans (D:8)
  A steam dragon (D:8)
  2 vampire mosquitoes (D:9)
  3 orc warriors
  2 ice beasts (D:7)
  An ogre (D:6)
  2 black bears
  A centaur (D:9)
  4 lemures (D:3)
  A kobold brigand (D:7)
  A gnoll sergeant (D:9)
  5 bullfrogs
  5 scorpions
  12 wights
  10 killer bees
  5 howler monkeys
  7 orc priests
  5 hounds
  A gnoll bouda (D:7)
  2 sleepcaps
  An iguana (D:4)
  11 orc wizards
  8 gnolls
  12 adders
  A shadow imp (D:5)
  An ufetubus (D:6)
  2 worms
  A dart slug (D:2)
  32 orcs
  6 bats
  10 endoplasms
  A giant cockroach (D:2)
  8 hobgoblins
  9 kobolds
  3 quokkas
  5 ball pythons
  5 frilled lizards
  7 goblins
  4 rats
232 creatures vanquished.

Notes
Turn   | Place    | Note
-------+----------+-------------------------------------------
     0 | D:1      | AdnanSaban the Gargoyle Fighter began the quest for the
                  | Orb.
     0 | D:1      | Reached XP level 1. HP: 14/14 MP: 1/1
    27 | D:1      | Found Qeoqy's Distillery.
   219 | D:1      | Reached XP level 2. HP: 19/19 MP: 2/2
   300 | D:1      | Found a faded altar of an unknown god.
   310 | D:1      | Got Plato's Cyclopedia of Bad Luck
   690 | D:2      | Reached XP level 3. HP: 24/24 MP: 3/3
   817 | D:2      | Reached skill level 3 in Maces & Flails
  1033 | D:2      | Found a broken altar of Ashenzari.
  1445 | D:3      | Reached XP level 4. HP: 29/29 MP: 4/4
  2156 | D:3      | Reached XP level 5. HP: 3/33 MP: 5/5
  2321 | D:4      | Reached skill level 4 in Maces & Flails
  2360 | D:4      | Noticed a lemure
  2361 | D:4      | Noticed a lemure
  2401 | D:3      | Killed a lemure
  2417 | D:4      | Noticed Pikel
  2417 | D:4      | Noticed a lemure
  2417 | D:4      | Noticed a lemure
  2464 | D:3      | Killed a lemure
  2492 | D:3      | Reached XP level 6. HP: 19/38 MP: 6/6
  2786 | D:4      | Killed Pikel
  2787 | D:4      | Reached skill level 5 in Maces & Flails
  2787 | D:4      | Reached skill level 5 in Armour
  2787 | D:4      | Reached skill level 1 in Dodging
  2787 | D:4      | Reached XP level 7. HP: 27/44 MP: 7/7
  2864 | D:4      | Found Taxithi's Antique Armour Boutique.
  3009 | D:4      | Noticed Eustachio
  3040 | D:4      | Killed Eustachio
  3041 | D:4      | Reached skill level 6 in Maces & Flails
  3041 | D:4      | Reached XP level 8. HP: 8/48 MP: 8/8
  3233 | D:4      | Reached skill level 1 in Throwing
  3256 | D:4      | Found a large runed translucent door.
  3256 | D:4      | Found a large runed translucent door.
  3269 | D:4      | Reached skill level 5 in Fighting
  3302 | D:4      | Found a shimmering altar of Xom.
  3640 | D:5      | Entered Level 5 of the Dungeon
  3666 | D:4      | Reached skill level 7 in Maces & Flails
  3686 | D:4      | Reached skill level 5 in Shields
  4178 | D:4      | Reached skill level 8 in Maces & Flails
  4178 | D:4      | Reached XP level 9. HP: 31/54 MP: 9/9
  5193 | D:6      | Found a staircase to the Ecumenical Temple.
  5203 | Temple   | Entered the Ecumenical Temple
  5593 | D:7      | Reached skill level 9 in Maces & Flails
  5736 | D:7      | Noticed Prince Ribbit
  5760 | D:7      | Killed Prince Ribbit
  5824 | D:7      | Found a glowing silver altar of Zin.
  5963 | D:7      | Found a hide-covered altar of Uskayaw.
  6105 | D:7      | Noticed a cyclops
  6116 | D:7      | Killed a cyclops
  6117 | D:7      | Reached XP level 10. HP: 57/61 MP: 10/10
  6408 | D:8      | Noticed a two-headed ogre
  6410 | D:8      | Noticed Maurice
  6428 | D:7      | Reached skill level 10 in Maces & Flails
  6505 | D:8      | Found Are Dob's Antique Armour Emporium.
  6518 | D:8      | Noticed a centaur warrior
  6521 | D:8      | Noticed ouz's ghost (novice OpSh)
  6530 | D:8      | Found a transporter.
  6783 | D:8      | Noticed Gastronok
  7245 | D:8      | Killed Maurice
  7360 | D:8      | Found an iron altar of Okawaru.
  7366 | D:8      | Became a worshipper of Warmaster Okawaru
  7520 | D:8      | Identified the +5 war axe of Qoraunom {protect, rF- Str+6
                  | Dex+2}
  7579 | D:8      | Killed a two-headed ogre
  7675 | D:8      | Found a transporter.
  7964 | D:9      | Found a broken altar of Ashenzari.
  8001 | D:9      | Reached * piety under Okawaru
  8237 | D:9      | Found a staircase to the Orcish Mines.
  8262 | D:9      | Found a bloodstained altar of Trog.
  8540 | D:9      | Reached XP level 11. HP: 67/67 MP: 11/11
  8868 | D:9      | Reached ** piety under Okawaru
  8869 | D:9      | Reached skill level 11 in Maces & Flails
  9355 | D:10     | Entered Level 10 of the Dungeon
  9355 | D:10     | Noticed Amaemon
  9495 | D:10     | Found a staircase to the Lair.
  9501 | D:10     | Reached skill level 1 in Stealth
  9553 | D:10     | Killed Amaemon
  9636 | D:10     | Found a runed translucent gate.
  9637 | D:10     | Found a runed translucent gate.
  9638 | D:10     | Found a runed translucent gate.
  9639 | D:10     | Noticed wazuzuz's ghost (novice HOFi)
  9639 | D:10     | Noticed qipq's ghost (amateur FeDe)
  9640 | D:10     | Noticed niknal's ghost (novice TrWr)
  9640 | D:10     | Noticed Kiciri's ghost (journeyman TeMo)
  9671 | D:10     | Reached *** piety under Okawaru
  9809 | D:10     | Noticed Sonja
  9824 | D:10     | Killed Sonja
  9824 | D:10     | Received a gift from Okawaru
 10095 | D:10     | Found a sparkling altar of Nemelex Xobeh.
 10151 | D:11     | Found Qugraen's General Store.
 10290 | D:11     | Noticed a cyclops
 10324 | D:11     | Killed a cyclops
 10469 | D:11     | Reached skill level 12 in Maces & Flails
 10481 | D:11     | Found Soetiuwi's Armour Boutique.
 10485 | D:11     | Noticed a manticore
 10498 | D:11     | Killed a manticore
 10498 | D:11     | Reached **** piety under Okawaru
 10515 | D:11     | Reached skill level 1 in Invocations
 10567 | D:11     | Received a gift from Okawaru
 10593 | D:11     | Reached skill level 10 in Armour
 10682 | D:11     | You fall into a shaft and drop 3 floors!
 10713 | D:13     | Killed from afar by a gargoyle

Illustrated notes

Levels and vault maps discovered:
D:1:      evilmike_arrival_crescent, layout_basic,
          shapermc_ecumenical_altar_rom_forum, serial_shops, shop,
          minmay_3d_cube
D:2:      layout_basic, basic_altar, minmay_tetromino_t4
D:3:      layout_loops_ring
D:4:      due_chaos_kobolds, layout_rooms, serial_shops, shop,
          kennysheep_decorative_pillar, minmay_misc_feat_columns,
          uniq_eustachio, uniq_pikel
D:5:      layout_cave_pools
D:6:      layout_rooms, minmay_temple_entry_statues_fountains, chequers_avenue
D:7:      layout_loops_ring, lemuel_round_altar, mainiacjoe_overflow_chevrons,
          uniq_prince_ribbit1
D:8:      layout_loops_ring, okawaru_humans, serial_shops,
          nicolae_shop_overgrown_old_shop, gammafunk_ghost_arena,
          uniq_gastronok, uniq_maurice
D:9:      layout_layer_cave, lemuel_tele_altar,
          mainiacjoe_overflow_six_doors_small, orc_0_dummy
D:10:     layout_long_grid, mainiacjoe_overflow_brackets, lair_entry_dummy,
          gammafunk_ghost_cemetery, uniq_sonja, uniq_amaemon
D:11:     minmay_angry_zag, layout_gridville, serial_shops,
          kennysheep_mini_moat, shop, shop
D:13:     layout_irregular_city, skrybe_vaults_entry_preservation
D:14:     nicolae_cairo_tiling_large, layout_rooms, bloody_makhleb,
          serial_shops, bzr_entry_dummy, eat_drink_and_be_merry_uskayaw
Temple:   minmay_temple_bridge_d

Skill      XL: |  1  2  3  4  5  6  7  8  9 10 11 |
---------------+----------------------------------+-----
Maces & Flails | 3 4 5 6 8 9 10 12 | 12.1
Armour         | 4 5 7 8 10 | 10.0
Fighting       | 4 5 6 7 8 |  8.5
Shields        | 4 5 6 7 8 |  8.3
Dodging        | 1 2 |  2.7
Throwing       | 1 3 |  3.5
Stealth        | 1 |  1.6
Invocations    | 2 |  2.3

Action                     |  1- 3 |  4- 6 |  7- 9 | 10-12 || total
---------------------------+-------+-------+-------+-------++-------
  Melee: Flail             |   128 |   172 |   462 |   364 ||  1126
         Demon whip        |       |       |       |   173 ||   173
  Throw: Dart              |       |     4 |     3 |    23 ||    30
         Boomerang         |       |       |       |    11 ||    11
 Invoke: Heroism           |       |       |       |     1 ||     1
 Armour: Chain mail        |    91 |   122 |   305 |    75 ||   593
         Scale mail        |     3 |       |       |       ||     3
         Plate armour      |       |       |       |   333 ||   333
  Dodge: Dodged            |    53 |    98 |   191 |   185 ||   527
  Block: Buckler           |    31 |    41 |   149 |   175 ||   396

Table legend: (Time is in decaauts)
 A = Elapsed time spent in this place.
 B = Non-inter-level travel time spent in this place.
 C = Inter-level travel time spent in this place.
 D = Time resting spent in this place.
 E = Time spent auto-exploring this place.
 F = Levels seen in this place.
 G = Mean time per level.
                   A        B        C        D        E       F      G
               +--------+--------+--------+--------+--------+-----+--------+
         Total |  10750 |   9969 |    781 |    868 |   6650 |  14 |  767.9 |
       Dungeon |  10748 |   9967 |    781 |    868 |   6650 |  13 |  826.8 |
        Temple |      1 |      1 |      0 |      0 |      0 |   1 |    1.0 |
               +--------+--------+--------+--------+--------+-----+--------+

Top non-repeatable levels by time:
     D:9: 1457 daAuts
     D:4: 1446 daAuts
     D:7: 1388 daAuts
     D:3: 1237 daAuts
     D:8: 1040 daAuts
     D:2: 824 daAuts
     D:5: 806 daAuts
     D:6: 715 daAuts
    D:10: 687 daAuts
     D:1: 648 daAuts
    D:11: 475 daAuts
    D:13: 13 daAuts
    D:14: 7 daAuts
  Temple: 1 daAuts
